 Dungeon Crawl Stone Soup version 0.29.1-2-gbd0b4ee654 (webtiles) character file.

Game seed: 7093141249410474939

89 DemonSlayer the Digger (level 4, -12/26 (30) HPs)
             Began as a Demonspawn Earth Elementalist on Nov 25, 2022.
             Mangled by Terence
             ... wielding the +7 Throatcutter {drain, coup de grace}
              (14 damage)
             ... on level 2 of the Dungeon.
             The game lasted 00:04:54 (2824 turns).

DemonSlayer the Digger (DsEE)                       Turns: 2824, Time: 00:04:54

HP:   -12/26 (30)   AC:  4    Str:  9    XL:     4   Next: 31%
MP:   8/8           EV: 11    Int: 21    God:
Gold: 80            SH:  0    Dex: 12    Spells: 5/8 levels left

rFire   . . .      SeeInvis .   f - +1 dagger (venom)
rCold   . . .      Faith    .   (no shield)
rNeg    . . .      Spirit   .   d - +0 leather armour
rPois   .          Reflect  .   (no helmet)
rElec   .          Harm     .   (no cloak)
rCorr   .          Rampage  .   (no gloves)
Will    .....                   (no boots)
Stlth   ++........              (no amulet)
HPRegen 0.08/turn               (no ring)
MPRegen 0.11/turn               (no ring)

@: heavily drained
A: claws 1, powered by pain 1, weakness stinger 1, clever 1, shaggy fur 1
a: no special abilities


You were on level 2 of the Dungeon.
You visited 1 branch of the dungeon, and saw 3 of its levels.

You collected 80 gold pieces.

Inventory:

Hand Weapons
 f - a +1 dagger of venom (weapon)
Armour
 d - a +0 leather armour (worn)
Potions
 b - a potion of magic
 e - a potion of cancellation


   Skills:
 + Level 0.2 Fighting
 + Level 1.1 Armour
 + Level 2.1 Dodging
 + Level 2.2 Stealth
 + Level 2.9 Spellcasting
 + Level 0.8 Transmutations
 + Level 3.4 Earth Magic


You had 5 spell levels left.
You knew the following spells:

 Your Spells              Type           Power      Damage    Failure   Level
a - Sandblast             Erth           34%        2d9       4%          1
b - Passwall              Tmut/Erth      10%        N/A       12%         2

Your spell library contained the following spells:

 Spells                   Type           Power      Damage    Failure   Level
 Stone Arrow              Conj/Erth      20%        3d8       26%         3
 Petrify                  Tmut/Erth      12%        N/A       58%         4


Dungeon Overview and Level Annotations

Branches:
Dungeon (3/15)

Altars:

Shops:
D:2 (

Annotations:
D:2 Terence


Innate Abilities, Weirdness & Mutations

You have sharp fingernails.
You sometimes gain a little power by taking damage.
You have a small tail.
Your mind is acute. (Int +4, Str/Dex -1)
You are covered in fur. (AC +1)


Message History

You feel sick.
You feel sick.
You feel sick.
You feel sick.
You feel sick.
You are no longer poisoned.
You see here an adder corpse.
a - a golden potion You can't see any susceptible monsters within range! (Use Z to cast anyway.) Terence the Incautious comes into view.
He is wielding the +7 Throatcutter {drain, coup de grace} and wearing a +3 scale mail of cold resistance.
Terence is nearby!
Terence is nearby!
Terence is nearby!
Terence is nearby!
The blast of sand hits Terence but does no damage.
Terence shouts!
Terence hits you with the +7 Throatcutter {drain, coup de grace}.
You feel drained.
You aren't carrying any scrolls.
Okay, then.
Terence attacks as you move away! Terence closely misses you.
It was a potion of mutation.
You feel extremely strange. Fur sprouts all over your body.
You feel clever.
Terence hits you with the +7 Throatcutter {drain, coup de grace}.
You feel drained.
Sorry, you're not good enough to have a special ability.
Sorry, you're not good enough to have a special ability.
Okay, then.
You aren't carrying any scrolls.
Terence attacks as you move away! Terence closely misses you.
Terence attacks as you move away! Terence completely misses you.
Terence attacks as you move away!
Terence hits you with the +7 Throatcutter {drain, coup de grace}!
* * * LOW HITPOINT WARNING * * *
You feel drained.
* * * LOW HITPOINT WARNING * * *
Terence attacks as you move away!
Terence hits you with the +7 Throatcutter {drain, coup de grace}!
Ouch! That really hurt!
You die...

##############
#......@@....#
#.##########.#####
##########.#
#.....#######
...........#
##.##........
#####.###..#
#.####.####.
####.# ##.#
#.#.........
#....# #.#
#.##########
#.#### #.#
#........ #†#
###.#
##############


You could see Terence.

Vanquished Creatures
  An orc priest (D:2)
  An orc wizard (D:2)
  An adder (D:2)
  3 orcs (D:2)
  A ball python (D:2)
  An endoplasm (D:2)
  A giant cockroach (D:1)
  A goblin (D:1)
  2 hobgoblins (D:2)
  6 kobolds (D:1)
  A bat (D:1)
  3 frilled lizards
  3 rats (D:1)
25 creatures vanquished.

Notes
Turn   | Place    | Note
-------+----------+-------------------------------------------
     0 | D:1      | DemonSlayer the Demonspawn Earth Elementalist began the
                  | quest for the Orb.
     0 | D:1      | Reached XP level 1. HP: 13/13 MP: 3/3
   303 | D:1      | Found a faded altar of an unknown god.
   506 | D:1      | Reached skill level 3 in Earth Magic
   587 | D:1      | Discovered your monstrous ancestry.
   587 | D:1      | Gained mutation: You have sharp fingernails. [demonic
                  | ancestry]
   587 | D:1      | Reached XP level 2. HP: 19/19 MP: 0/5
   590 | D:1      | Learned a level 2 spell: Passwall
  1853 | D:2      | Gained mutation: You sometimes gain a little power by
                  | taking damage. [demonic ancestry]
  1853 | D:2      | Reached XP level 3. HP: 23/24 MP: 2/6
  2549 | D:2      | Gained mutation: You have a small tail. [demonic ancestry]
  2549 | D:2      | Reached XP level 4. HP: 21/30 MP: 2/8
  2638 | D:2      | Found Liett's Antique Weapon Boutique.
  2684 | D:2      | Reached skill level 1 in Armour
  2811 | D:2      | Noticed Terence
  2814 | D:2      | Gained mutation: You are covered in fur. (AC +1) [potion of
                  | mutation]
  2814 | D:2      | Gained mutation: Your mind is acute. (Int +4, Str/Dex -1)
                  | [potion of mutation]
  2824 | D:2      | Mangled by Terence

Illustrated notes

Levels and vault maps discovered:
D:1:      dpeg_arrival_simpleton_a, layout_loops_corners,
          ebering_ecumenical_altar_hall
D:2:      cheibrodos_pilgrimage, layout_rooms, serial_shops,
          nicolae_square_shop, serial_co_window_serial,
          co_window_of_opportunity_a, co_window_paths_a, co_window_paths_a,
          co_window_paths_b, co_window_corner_a, co_window_unsneaky_path_a,
          co_window_unsneaky_path_d, co_window_broadway_b, co_window_paths_c,
          co_window_paths_c, co_window_2corner, co_window_2corner,
          co_window_paths_e, co_window_4corner_a, glass_columns_c, uniq_terence,
          uniq_jessica, uniq_natasha
D:3:      cheibrodos_thug_alley, layout_loops_corners,
          mainiacjoe_overflow_large_starburst, lemuel_crystal_altar,
          uniq_sigmund

Skill      XL: |  1  2  3  4 |
---------------+-------------+-----
Earth Magic    | 3 |  3.4
Dodging        | 2 |  2.1
Stealth        | 2 |  2.2
Armour         | 1 |  1.1
Fighting       | |  0.2
Spellcasting   | |  2.9
Transmutations | |  0.8

Action                   |  1- 3 |  4- 6 || total
-------------------------+-------+-------++-------
Melee: Dagger            |    13 |       ||    13
 Cast: Sandblast         |    35 |     5 ||    40
  Use: Potion            |     2 |     1 ||     3
       Scroll            |     1 |       ||     1
 Stab: Sleeping          |     1 |       ||     1
Armor: Leather armour    |     8 |     1 ||     9
Dodge: Dodged            |    20 |     5 ||    25
